 Dungeon Crawl Stone Soup version 0.20.1-1-g8b1a95d (webtiles) character file.

176 kaze the Poker (level 5, 0/41 HPs)
             Began as a Merfolk Gladiator on Sept 17, 2017.
             Slain by an orc
             ... wielding a +0 short sword
              (1 damage)
             ... on level 4 of the Dungeon.
             The game lasted 00:05:09 (3623 turns).

kaze the Poker (Merfolk Gladiator)                  Turns: 3623, Time: 00:05:10

Health: 0/41       AC:  9    Str: 12    XL:     5   Next: 56%
Magic:  5/5        EV:  7    Int:  7    God:
Gold:   92         SH:  0    Dex: 16    Spells: 4/4 levels left

rFire    . . .     SeeInvis .   a - +1 trident
rCold    . . .     Gourm    .   (no shield)
rNeg     . . .     Faith    .   v - +0 chain mail
rPois    .         Spirit   .   c - +0 helmet
rElec    .         Reflect  .   (no cloak)
rCorr    .         Harm     .   (no gloves)
MR       .....                  (no boots)
Stlth    ..........             (no amulet)
Regen    0.2/turn               j - ring of stealth
MPRegen  0.1/turn               k - -3 ring of strength (curse)

@: no status effects
A: change form in water, swift swim, stealthy swim
a: no special abilities


You were on level 4 of the Dungeon.
You were not hungry.

You visited 1 branch of the dungeon, and saw 4 of its levels.

You collected 92 gold pieces.

Inventory:

Hand Weapons
 a - a +1 trident (weapon)
Missiles
 d - a throwing net (quivered)
Armour
 c - a +0 helmet (worn)
 v - a +0 chain mail (worn)
Jewellery
 j - a ring of stealth (left hand)
 k - a cursed -3 ring of strength (right hand)
 r - an uncursed ring of see invisible
Scrolls
 n - a scroll of teleportation
 p - a scroll of identify
Potions
 e - a potion of heal wounds {unknown}
 h - 2 potions of invisibility {unknown}
 l - a potion of brilliance {unknown}
 m - a potion of mutation {unknown}
 q - a potion of haste {unknown}
 u - 2 potions of agility {unknown}
Comestibles
 f - 2 bread rations
 g - a meat ration
 o - a royal jelly


   Skills:
 + Level 3.0 Fighting
 + Level 6.8 Polearms
 + Level 2.2 Throwing
 + Level 1.1 Armour
 + Level 4.9 Dodging
 + Level 0.5 Stealth


You had 4 spell levels left.
You didn't know any spells.

Dungeon Overview and Level Annotations

Branches:
Dungeon (4/15)
 Temple: D:4-7

Altars:


Message History

The orc hits you with a short sword.
* * * LOW HITPOINT WARNING * * *
Unknown command.
You hit the orc wizard.
The orc wizard is heavily wounded.
The orc priest barely misses you.
The orc priest calls down the wrath of Beogh upon you.
Pain shoots through your body!
* * * LOW HITPOINT WARNING * * *
The orc wizard hits you but does no damage.
The orc hits you with a short sword.
* * * LOW HITPOINT WARNING * * *
You barely miss the orc wizard.
The orc wizard is heavily wounded.
The orc priest hits you but does no damage.
The orc priest calls upon Beogh to heal the orc wizard.
The orc wizard is healed somewhat.
The orc wizard hits you but does no damage.
The orc hits you with a short sword.
You die...

#...##.....#
#..........#####
#...............
#...............
#...(...........
#......<........
#<..##..........
# #.....⌠....
#@o..#.#...
#....ooo......##
#..........##...
#...##.....# ..
#... ####+## .
#.. #. #.


You could see 2 orc priests, an orc wizard and an orc.

Vanquished Creatures
  An orc wizard (D:4)
  Terence (D:2)
  2 adders
  3 oozes
  2 worms
  4 dart slugs
  2 leopard geckos
  5 orcs (D:3)
  5 bats
  5 giant cockroaches
  5 goblins
  6 hobgoblins
  10 jackals
  2 quokkas
  4 frilled lizards
  8 kobolds
  6 rats
71 creatures vanquished.

Notes
Turn   | Place    | Note
-------+----------+-------------------------------------------
     0 | D:1      | kaze the Merfolk Gladiator began the quest for the Orb.
     0 | D:1      | Reached XP level 1. HP: 16/16 MP: 1/1
    87 | D:1      | Reached XP level 2. HP: 23/23 MP: 2/2
    93 | D:1      | Reached skill level 5 in Polearms
   209 | D:1      | Reached XP level 3. HP: 10/28 MP: 3/3
  1529 | D:2      | Noticed Terence
  1542 | D:2      | Killed Terence
  1542 | D:2      | Reached skill level 6 in Polearms
  1542 | D:2      | Reached XP level 4. HP: 29/34 MP: 4/4
  1782 | D:2      | Found a faded altar of an unknown god.
  2255 | D:3      | Reached XP level 5. HP: 6/40 MP: 5/5
  3618 | D:4      | Reached skill level 1 in Armour
  3622 | D:4      | HP: 1/41 [orc/short sword (3)]
  3623 | D:4      | Slain by an orc

Skill      XL: |  1  2  3  4  5 |
---------------+----------------+-----
Polearms       | 5 6 |  6.8
Fighting       | 3 |  3.0
Armour         | 1 |  1.1
Throwing       | |  2.2
Dodging        | |  4.9
Stealth        | |  0.5

Action                   |  1- 3 |  4- 6 || total
-------------------------+-------+-------++-------
Melee: Trident           |    92 |   181 ||   273
Throw: Throwing net      |     2 |     2 ||     4
  Use: Scroll            |       |     7 ||     7
 Stab: Distracted        |       |     1 ||     1
       Sleeping          |       |     1 ||     1
  Eat: Chunk             |     1 |     6 ||     7
       Bread ration      |       |     1 ||     1
       Fruit             |       |     1 ||     1
Armor: Leather armour    |    17 |     3 ||    20
       Scale mail        |       |    39 ||    39
       Chain mail        |       |    27 ||    27
Dodge: Dodged            |    72 |    75 ||   147
